2452 views
Uploaded 2024-04-27 03:19:46
Game version 1.36 (6115)
50:18 long 3on3 ladder game on (6)Guardians
Saved by GIGA
2452 views
Uploaded 2024-04-27 03:19:46
Game version 1.36 (6115)
50:18 long 3on3 ladder game on (6)Guardians


96 units @ 8.8k
/ 1.1k
143 buildings @ 12.8k
/ 6.1k



| Peasant | 27 | 2025 | / | 0 |
| Mortar Team | 6 | 1080 | / | 420 |
| Flying Machine | 17 | 1700 | / | 510 |
| total: | 50 | 4805g | / | 930w |
| Scout Tower | 25 | 750 | / | 500 |
| Arcane Tower | 3 | 210 | / | 150 |
| Guard Tower | 8 | 560 | / | 400 |
| Altar of Kings | 3 | 540 | / | 150 |
| Farm | 13 | 1040 | / | 260 |
| Lumber Mill | 2 | 240 | / | 0 |
| Town Hall | 3 | 1155 | / | 615 |
| Blacksmith | 1 | 140 | / | 60 |
| Arcane Vault | 1 | 130 | / | 30 |
| Workshop | 3 | 420 | / | 420 |
| Keep | 1 | 320 | / | 210 |
| Castle | 1 | 360 | / | 210 |
| total: | 51 | 4415g | / | 2035w |
| 0:02 | Peasant |
| 0:04 | Altar of Kings |
| 0:09 | Peasant |
| 0:17 | Farm |
| 0:19 | Peasant |
| 0:25 | Peasant |
| 0:45 | Peasant |
| 0:55 | Lumber Mill |
| 0:57 | Peasant |
| 1:09 | Scout Tower |
| 1:24 | Peasant |
| 1:28 | Peasant |
| 1:36 | Farm |
| 1:38 | Arcane Tower |
| 1:47 | Scout Tower |
| 1:56 | Peasant |
| 2:00 | Improved Lumber Harvesting |
| 2:12 | Storm Bolt |
| 2:18 | Peasant |
| 2:24 | Peasant |
| 2:33 | Peasant |
| 2:38 | Arcane Tower |
| 2:41 | Scout Tower |
| 3:21 | Town Hall |
| 3:29 | Guard Tower |
| 3:33 | Scout Tower |
| 3:44 | Peasant |
| 4:12 | Guard Tower |
| 4:15 | Scout Tower |
| 4:17 | Scout Tower |
| 4:19 | Scout Tower |
| 4:44 | Improved Masonry |
| 4:45 | Peasant |
| 4:50 | Keep |
| 4:53 | Peasant |
| 5:05 | Guard Tower |
| 5:14 | Farm |
| 5:23 | Scout Tower |
| 5:24 | Scout Tower |
| 5:25 | Scout Tower |
| 5:26 | Guard Tower |
| 5:28 | Scout Tower |
| 5:32 | Peasant |
| 5:32 | Peasant |
| 6:02 | Guard Tower |
| 6:04 | Scout Tower |
| 6:05 | Scout Tower |
| 6:11 | Scout Tower |
| 6:11 | Scout Tower |
| 6:13 | Scout Tower |
| 6:14 | Scout Tower |
| 6:26 | Peasant |
| 6:26 | Peasant |
| 6:27 | Peasant |
| 6:33 | Bash |
| 6:35 | Bash |
| 7:28 | Town Hall |
| 7:34 | Peasant |
| 7:34 | Peasant |
| 7:35 | Advanced Masonry |
| 7:35 | Advanced Lumber Harvesting |
| 7:40 | Guard Tower |
| 7:47 | Blacksmith |
| 7:50 | Peasant |
| 8:07 | Holy Light |
| 8:12 | Castle |
| 8:16 | Farm |
| 8:21 | Farm |
| 8:36 | Peasant |
| 9:04 | Workshop |
| 9:06 | Workshop |
| 9:09 | Workshop |
| 9:19 | Holy Light |
| 9:41 | Black Gunpowder |
| 10:04 | Flare |
| 10:06 | Mortar Team |
| 10:16 | Mortar Team |
| 10:18 | Flak Cannons |
| 11:00 | Flying Machine Bombs |
| 11:00 | Fragmentation Shards |
| 11:01 | Refined Gunpowder |
| 11:10 | Farm |
| 11:11 | Farm |
| 11:13 | Farm |
| 11:23 | Scout Tower |
| 11:24 | Scout Tower |
| 11:25 | Scout Tower |
| 12:44 | Mortar Team |
| 12:47 | Mortar Team |
| 12:49 | Imbued Gunpowder |
| 13:04 | Farm |
| 13:06 | Farm |
| 13:26 | Flying Machine |
| 13:26 | Flying Machine |
| 13:26 | Flying Machine |
| 13:26 | Flying Machine |
| 13:26 | Flying Machine |
| 13:56 | Iron Plating |
| 13:57 | Flying Machine |
| 14:26 | Farm |
| 14:29 | Farm |
| 14:30 | Farm |
| 14:39 | Imbued Masonry |
| 14:47 | Flying Machine |
| 14:47 | Flying Machine |
| 14:47 | Flying Machine |
| 14:48 | Flying Machine |
| 14:48 | Flying Machine |
| 14:51 | Flying Machine |
| 15:38 | Flying Machine |
| 16:43 | Storm Bolt |
| 16:44 | Divine Shield |
| 16:45 | Divine Shield |
| 17:13 | Guard Tower |
| 18:32 | Town Hall |
| 18:37 | Peasant |
| 18:38 | Peasant |
| 18:38 | Peasant |
| 20:56 | Holy Light |
| 21:17 | Storm Bolt |
| 21:29 | Mortar Team |
| 23:22 | Bash |
| 23:51 | Altar of Kings |
| 24:16 | Bash |
| 27:50 | Altar of Kings |
| 29:49 | Scout Tower |
| 29:50 | Scout Tower |
| 30:24 | Lumber Mill |
| 30:28 | Arcane Tower |
| 30:43 | Divine Shield |
| 30:44 | Divine Shield |
| 31:23 | Brilliance Aura |
| 31:49 | Scout Tower |
| 31:51 | Scout Tower |
| 31:54 | Scout Tower |
| 36:36 | Mortar Team |
| 36:57 | Arcane Vault |
| 37:36 | Steel Plating |
| 38:01 | Flying Machine |
| 38:02 | Flying Machine |
| 38:03 | Flying Machine |
| 38:03 | Flying Machine |
| 41:36 | Guard Tower |
| 43:19 | Storm Bolt |
| 45:17 | Holy Light |
| 48:08 | Blizzard |
| Right click | 2730 |
| Select group | 1278 |
| Select | 589 |
| Use ability | 158 |
| Build/train/purchase | 150 |
| Misc. action | 134 |
| Minimap ping | 27 |
| Assign group | 18 |
| Resource trade | 5 |
GIGA
(207)
(50:16) : 
| Healing Salve | 2 | 200 |
| Lesser Clarity Potion | 4 | 280 |
| Potion of Mana | 2 | 400 |
| Orb of Lightning | 1 | 375 |
| Circlet of Nobility | 1 | 175 |
| Boots of Speed | 1 | 250 |
| Staff of Teleportation | 1 | 150 |
| Boots of Quel'Thalas +6 | 2 | 800 |
| Ring of the Archmagi | 1 | 0 |
| total: | 15 | 2630g |
| Peon | 16 | 1200 | / | 0 |
| Troll Witch Doctor | 6 | 870 | / | 150 |
| Shaman | 2 | 260 | / | 40 |
| total: | 24 | 2330g | / | 190w |
| Watch Tower | 12 | 1320 | / | 960 |
| Altar of Storms | 3 | 540 | / | 150 |
| Orc Burrow | 6 | 960 | / | 240 |
| Voodoo Lounge | 1 | 130 | / | 30 |
| War Mill | 2 | 410 | / | 0 |
| Spirit Lodge | 3 | 450 | / | 450 |
| Stronghold | 1 | 315 | / | 190 |
| Fortress | 1 | 325 | / | 190 |
| total: | 27 | 3810g | / | 1830w |
| 0:02 | Peon |
| 0:02 | Peon |
| 0:05 | Altar of Storms |
| 0:08 | Orc Burrow |
| 0:19 | Peon |
| 0:32 | Peon |
| 0:51 | Voodoo Lounge |
| 0:54 | Peon |
| 1:04 | Peon |
| 1:15 | Peon |
| 1:21 | Orc Burrow |
| 1:27 | Peon |
| 1:51 | War Mill |
| 1:56 | Peon |
| 2:05 | Healing Salve |
| 2:06 | Lesser Clarity Potion |
| 2:09 | Peon |
| 2:10 | Peon |
| 2:15 | Wind Walk |
| 2:26 | Peon |
| 2:26 | Peon |
| 2:53 | Peon |
| 2:53 | Peon |
| 2:54 | Peon |
| 3:31 | Watch Tower |
| 3:33 | Watch Tower |
| 3:33 | Watch Tower |
| 4:07 | Critical Strike |
| 4:44 | Stronghold |
| 4:50 | Watch Tower |
| 4:51 | Spiked Barricades |
| 6:45 | Circlet of Nobility |
| 6:46 | Boots of Speed |
| 6:50 | Staff of Teleportation |
| 8:02 | Reinforced Defenses |
| 8:48 | Fortress |
| 8:54 | Lesser Clarity Potion |
| 9:06 | Potion of Mana |
| 9:18 | Improved Spiked Barricades |
| 9:32 | Spirit Lodge |
| 9:40 | Lesser Clarity Potion |
| 9:54 | Wind Walk |
| 11:29 | Spirit Lodge |
| 11:36 | Spirit Lodge |
| 11:42 | Lesser Clarity Potion |
| 11:44 | Potion of Mana |
| 11:47 | Healing Salve |
| 11:51 | Orb of Lightning |
| 12:36 | Witch Doctor Adept Training |
| 12:41 | Troll Witch Doctor |
| 12:41 | Troll Witch Doctor |
| 12:41 | Troll Witch Doctor |
| 13:34 | Boots of Quel'Thalas +6 |
| 13:46 | Witch Doctor Master Training |
| 13:55 | Orc Burrow |
| 16:03 | Altar of Storms |
| 16:10 | Altar of Storms |
| 16:20 | Troll Witch Doctor |
| 16:21 | Troll Witch Doctor |
| 16:21 | Troll Witch Doctor |
| 17:13 | Orc Burrow |
| 17:30 | Orc Burrow |
| 18:52 | War Mill |
| 22:09 | Holy Light |
| 25:22 | Critical Strike |
| 28:08 | Watch Tower |
| 28:23 | Watch Tower |
| 28:24 | Watch Tower |
| 28:25 | Watch Tower |
| 28:27 | Watch Tower |
| 29:42 | Watch Tower |
| 29:43 | Watch Tower |
| 29:44 | Watch Tower |
| 30:11 | Critical Strike |
| 32:38 | Shaman |
| 32:38 | Shaman |
| 39:59 | Bladestorm |
| 40:40 | Orc Burrow |
| 46:11 | Mirror Image |
| 49:48 | Boots of Quel'Thalas +6 |
| 49:54 | Ring of the Archmagi |
| Right click | 3698 |
| Select | 389 |
| Build/train/purchase | 191 |
| Resource trade | 56 |
| Use ability | 33 |
| Minimap ping | 22 |
| Chat | 21 |
| Select group | 12 |
| Item give/drop | 9 |
| Misc. action | 4 |
| Assign group | 2 |
| Esc | 1 |
Cabeelibob
(194)
(49:51) : 
| Peasant | 22 | 1650 | / | 0 |
| total: | 22 | 1650g | / | 0w |
| Scout Tower | 50 | 1500 | / | 1000 |
| Arcane Tower | 4 | 280 | / | 200 |
| Guard Tower | 29 | 2030 | / | 1450 |
| Altar of Kings | 3 | 540 | / | 150 |
| Farm | 5 | 400 | / | 100 |
| Lumber Mill | 2 | 240 | / | 0 |
| Town Hall | 5 | 1925 | / | 1025 |
| Keep | 1 | 320 | / | 210 |
| Castle | 1 | 360 | / | 210 |
| total: | 65 | 4605g | / | 2275w |
| 0:03 | Altar of Kings |
| 0:07 | Farm |
| 0:08 | Peasant |
| 0:19 | Peasant |
| 0:45 | Lumber Mill |
| 0:48 | Peasant |
| 0:51 | Peasant |
| 1:03 | Farm |
| 1:06 | Peasant |
| 1:13 | Peasant |
| 1:13 | Peasant |
| 1:36 | Scout Tower |
| 1:39 | Peasant |
| 1:52 | Improved Masonry |
| 1:55 | Peasant |
| 2:05 | Peasant |
| 2:12 | Farm |
| 2:27 | Storm Bolt |
| 2:30 | Arcane Tower |
| 2:32 | Peasant |
| 2:33 | Peasant |
| 2:49 | Scout Tower |
| 3:12 | Peasant |
| 3:24 | Scout Tower |
| 3:26 | Scout Tower |
| 3:29 | Scout Tower |
| 3:38 | Scout Tower |
| 3:40 | Peasant |
| 3:40 | Peasant |
| 3:49 | Scout Tower |
| 3:53 | Scout Tower |
| 3:56 | Scout Tower |
| 3:58 | Guard Tower |
| 3:59 | Guard Tower |
| 4:02 | Scout Tower |
| 4:09 | Guard Tower |
| 4:11 | Guard Tower |
| 4:24 | Keep |
| 4:28 | Guard Tower |
| 4:35 | Scout Tower |
| 4:39 | Guard Tower |
| 4:40 | Arcane Tower |
| 4:42 | Scout Tower |
| 4:47 | Scout Tower |
| 4:57 | Guard Tower |
| 5:18 | Guard Tower |
| 5:20 | Scout Tower |
| 5:24 | Scout Tower |
| 5:25 | Scout Tower |
| 5:26 | Scout Tower |
| 5:30 | Improved Lumber Harvesting |
| 5:33 | Guard Tower |
| 5:47 | Scout Tower |
| 5:48 | Scout Tower |
| 5:49 | Scout Tower |
| 5:53 | Arcane Tower |
| 6:05 | Guard Tower |
| 6:31 | Scout Tower |
| 6:34 | Guard Tower |
| 6:39 | Scout Tower |
| 6:44 | Advanced Masonry |
| 7:28 | Guard Tower |
| 7:33 | Guard Tower |
| 7:37 | Scout Tower |
| 7:42 | Castle |
| 8:05 | Scout Tower |
| 8:05 | Scout Tower |
| 8:43 | Guard Tower |
| 8:46 | Arcane Tower |
| 8:54 | Scout Tower |
| 9:01 | Scout Tower |
| 9:15 | Scout Tower |
| 9:18 | Scout Tower |
| 9:29 | Guard Tower |
| 9:44 | Guard Tower |
| 9:47 | Scout Tower |
| 10:00 | Guard Tower |
| 10:02 | Scout Tower |
| 10:04 | Imbued Masonry |
| 10:09 | Scout Tower |
| 10:15 | Scout Tower |
| 10:48 | Guard Tower |
| 10:51 | Scout Tower |
| 10:53 | Scout Tower |
| 11:18 | Scout Tower |
| 11:19 | Guard Tower |
| 11:26 | Guard Tower |
| 11:29 | Scout Tower |
| 11:30 | Scout Tower |
| 11:36 | Guard Tower |
| 11:42 | Scout Tower |
| 12:00 | Guard Tower |
| 12:03 | Scout Tower |
| 12:17 | Guard Tower |
| 12:22 | Scout Tower |
| 12:24 | Scout Tower |
| 12:52 | Guard Tower |
| 13:04 | Guard Tower |
| 23:54 | Town Hall |
| 26:00 | Farm |
| 26:17 | Altar of Kings |
| 26:31 | Altar of Kings |
| 27:41 | Town Hall |
| 36:48 | Town Hall |
| 36:53 | Scout Tower |
| 36:54 | Scout Tower |
| 36:54 | Scout Tower |
| 37:26 | Lumber Mill |
| 39:19 | Guard Tower |
| 39:46 | Scout Tower |
| 41:57 | Guard Tower |
| 41:58 | Peasant |
| 41:58 | Peasant |
| 41:58 | Peasant |
| 44:28 | Peasant |
| 44:28 | Peasant |
| 44:34 | Farm |
| 45:35 | Peasant |
| 47:47 | Town Hall |
| 47:50 | Town Hall |
| 47:52 | Scout Tower |
| 47:55 | Scout Tower |
| 47:56 | Scout Tower |
| 48:03 | Scout Tower |
| 48:22 | Guard Tower |
| 48:29 | Guard Tower |
| 49:20 | Peasant |
| Right click | 1620 |
| Select group | 1456 |
| Select | 311 |
| Build/train/purchase | 69 |
| Resource trade | 49 |
| Chat | 30 |
| Misc. action | 14 |
| Assign group | 12 |
| Minimap ping | 10 |
| Use ability | 7 |
| Remove unit | 2 |
| Esc | 1 |
213 units @ 27.8k
/ 4k
133 buildings @ 17.4k
/ 8.1k



| Scroll of Town Portal | 3 | 1050 |
| Scroll of Healing | 4 | 1000 |
| Potion of Lesser Invulnerability | 6 | 900 |
| Boots of Speed | 1 | 250 |
| total: | 14 | 3200g |
| Peasant | 41 | 3075 | / | 0 |
| Footman | 7 | 945 | / | 0 |
| Rifleman | 12 | 2460 | / | 360 |
| Priest | 6 | 810 | / | 60 |
| Mortar Team | 13 | 2340 | / | 910 |
| Knight | 2 | 490 | / | 120 |
| Siege Engine | 1 | 195 | / | 60 |
| Chimaera | 8 | 2640 | / | 560 |
| total: | 90 | 12955g | / | 2070w |
| Scout Tower | 40 | 1200 | / | 800 |
| Arcane Tower | 14 | 980 | / | 700 |
| Guard Tower | 49 | 3430 | / | 2450 |
| Altar of Kings | 4 | 720 | / | 200 |
| Barracks | 5 | 800 | / | 300 |
| Farm | 21 | 1680 | / | 420 |
| Lumber Mill | 3 | 360 | / | 0 |
| Blacksmith | 2 | 280 | / | 120 |
| Town Hall | 7 | 2695 | / | 1435 |
| Arcane Sanctum | 1 | 150 | / | 140 |
| Workshop | 5 | 700 | / | 700 |
| Keep | 4 | 1280 | / | 840 |
| Castle | 3 | 1080 | / | 630 |
| total: | 88 | 8585g | / | 4115w |
| 0:04 | Peasant |
| 0:04 | Peasant |
| 0:04 | Peasant |
| 0:04 | Peasant |
| 0:05 | Peasant |
| 0:05 | Peasant |
| 0:22 | Altar of Kings |
| 0:37 | Barracks |
| 0:52 | Farm |
| 1:00 | Peasant |
| 1:08 | Lumber Mill |
| 1:11 | Peasant |
| 1:28 | Farm |
| 1:32 | Peasant |
| 1:48 | Peasant |
| 1:49 | Improved Lumber Harvesting |
| 2:06 | Farm |
| 2:10 | Farm |
| 2:13 | Footman |
| 2:17 | Peasant |
| 2:17 | Peasant |
| 2:28 | Summon Water Elemental |
| 2:31 | Footman |
| 2:31 | Footman |
| 2:42 | Peasant |
| 2:42 | Peasant |
| 2:51 | Footman |
| 2:51 | Footman |
| 2:58 | Peasant |
| 2:58 | Peasant |
| 3:13 | Footman |
| 3:19 | Peasant |
| 3:20 | Peasant |
| 3:49 | Scout Tower |
| 3:53 | Keep |
| 4:09 | Arcane Tower |
| 4:29 | Blacksmith |
| 4:55 | Barracks |
| 5:20 | Footman |
| 5:28 | Blizzard |
| 5:28 | Blizzard |
| 5:52 | Farm |
| 6:00 | Farm |
| 6:10 | Rifleman |
| 6:15 | Arcane Sanctum |
| 6:21 | Long Rifles |
| 6:40 | Farm |
| 6:46 | Farm |
| 6:52 | Rifleman |
| 6:53 | Rifleman |
| 7:18 | Storm Bolt |
| 7:21 | Rifleman |
| 7:26 | Farm |
| 7:29 | Priest |
| 7:34 | Farm |
| 7:49 | Potion of Lesser Invulnerability |
| 8:00 | Priest |
| 8:33 | Priest Adept Training |
| 8:55 | Summon Water Elemental |
| 9:18 | Scout Tower |
| 9:22 | Scout Tower |
| 9:25 | Scout Tower |
| 9:35 | Scout Tower |
| 9:36 | Guard Tower |
| 9:41 | Scout Tower |
| 9:42 | Arcane Tower |
| 9:46 | Arcane Tower |
| 9:50 | Scout Tower |
| 9:55 | Guard Tower |
| 9:58 | Guard Tower |
| 10:02 | Town Hall |
| 10:05 | Scout Tower |
| 10:09 | Guard Tower |
| 10:14 | Farm |
| 10:21 | Guard Tower |
| 10:26 | Farm |
| 11:05 | Castle |
| 11:06 | Rifleman |
| 11:07 | Rifleman |
| 11:12 | Farm |
| 11:17 | Thunder Clap |
| 11:32 | Workshop |
| 11:40 | Workshop |
| 11:50 | Rifleman |
| 11:51 | Rifleman |
| 11:57 | Peasant |
| 12:00 | Farm |
| 12:06 | Priest |
| 12:14 | Peasant |
| 12:19 | Farm |
| 12:39 | Mortar Team |
| 12:45 | Lumber Mill |
| 12:48 | Flare |
| 12:58 | Farm |
| 13:01 | Farm |
| 13:22 | Scroll of Town Portal |
| 13:31 | Scroll of Healing |
| 13:43 | Scout Tower |
| 14:12 | Storm Bolt |
| 14:15 | Blizzard |
| 14:26 | Mortar Team |
| 14:27 | Fragmentation Shards |
| 14:28 | Animal War Training |
| 14:30 | Priest Master Training |
| 14:34 | Guard Tower |
| 14:38 | Scout Tower |
| 14:49 | Flame Strike |
| 14:52 | Knight |
| 14:56 | Advanced Lumber Harvesting |
| 15:10 | Peasant |
| 15:11 | Peasant |
| 15:11 | Peasant |
| 15:11 | Peasant |
| 15:15 | Guard Tower |
| 15:35 | Mortar Team |
| 15:38 | Peasant |
| 15:53 | Mortar Team |
| 15:53 | Mortar Team |
| 16:47 | Mortar Team |
| 16:48 | Mortar Team |
| 16:49 | Knight |
| 17:00 | Peasant |
| 17:00 | Peasant |
| 17:12 | Rifleman |
| 17:26 | Peasant |
| 17:26 | Peasant |
| 18:00 | Scout Tower |
| 18:14 | Rifleman |
| 18:19 | Rifleman |
| 18:19 | Rifleman |
| 18:28 | Guard Tower |
| 18:33 | Scout Tower |
| 18:51 | Guard Tower |
| 20:33 | Town Hall |
| 22:50 | Town Hall |
| 25:12 | Siphon Mana |
| 26:07 | Potion of Lesser Invulnerability |
| 26:08 | Scroll of Healing |
| 27:37 | Priest |
| 27:56 | Scroll of Healing |
| 28:16 | Town Hall |
| 28:19 | Barracks |
| 28:21 | Barracks |
| 28:23 | Barracks |
| 29:13 | Scout Tower |
| 29:22 | Scout Tower |
| 29:27 | Scout Tower |
| 29:35 | Priest |
| 29:38 | Guard Tower |
| 29:50 | Guard Tower |
| 29:55 | Arcane Tower |
| 29:58 | Scout Tower |
| 30:05 | Scroll of Town Portal |
| 30:19 | Potion of Lesser Invulnerability |
| 30:20 | Potion of Lesser Invulnerability |
| 30:20 | Potion of Lesser Invulnerability |
| 30:36 | Guard Tower |
| 31:22 | Peasant |
| 31:34 | Lumber Mill |
| 31:35 | Peasant |
| 31:55 | Peasant |
| 31:55 | Peasant |
| 32:04 | Priest |
| 32:30 | Peasant |
| 32:50 | Chimaera |
| 32:50 | Chimaera |
| 32:50 | Chimaera |
| 32:50 | Chimaera |
| 32:50 | Chimaera |
| 32:50 | Chimaera |
| 32:51 | Chimaera |
| 32:51 | Chimaera |
| 33:17 | Town Hall |
| 33:21 | Peasant |
| 33:21 | Peasant |
| 34:39 | Peasant |
| 34:45 | Blacksmith |
| 35:09 | Scout Tower |
| 35:45 | Guard Tower |
| 35:48 | Scout Tower |
| 36:00 | Scroll of Town Portal |
| 36:00 | Scroll of Healing |
| 36:08 | Potion of Lesser Invulnerability |
| 36:09 | Boots of Speed |
| 36:18 | Guard Tower |
| 36:23 | Farm |
| 36:29 | Scout Tower |
| 36:30 | Scout Tower |
| 36:33 | Town Hall |
| 36:35 | Scout Tower |
| 36:47 | Iron Forged Swords |
| 36:50 | Farm |
| 36:54 | Farm |
| 36:57 | Guard Tower |
| 36:59 | Scout Tower |
| 37:00 | Scout Tower |
| 37:02 | Scout Tower |
| 37:04 | Scout Tower |
| 37:09 | Keep |
| 37:14 | Farm |
| 37:22 | Scout Tower |
| 37:25 | Scout Tower |
| 37:27 | Scout Tower |
| 37:30 | Arcane Tower |
| 37:31 | Guard Tower |
| 37:35 | Scout Tower |
| 37:53 | Thunder Clap |
| 37:55 | Guard Tower |
| 37:57 | Scout Tower |
| 38:05 | Guard Tower |
| 38:16 | Arcane Tower |
| 39:18 | Guard Tower |
| 39:55 | Castle |
| 40:45 | Scout Tower |
| 41:10 | Scout Tower |
| 41:29 | Arcane Tower |
| 41:44 | Arcane Tower |
| 41:48 | Scout Tower |
| 41:54 | Workshop |
| 41:56 | Workshop |
| 42:16 | Guard Tower |
| 42:18 | Scout Tower |
| 42:40 | Scout Tower |
| 42:42 | Scout Tower |
| 42:44 | Scout Tower |
| 42:47 | Scout Tower |
| 42:48 | Guard Tower |
| 42:51 | Scout Tower |
| 43:07 | Workshop |
| 43:22 | Guard Tower |
| 43:25 | Scout Tower |
| 43:37 | Guard Tower |
| 44:12 | Mortar Team |
| 44:14 | Guard Tower |
| 44:19 | Mortar Team |
| 44:22 | Altar of Kings |
| 44:40 | Altar of Kings |
| 46:33 | Mortar Team |
| 46:34 | Mortar Team |
| 46:51 | Barrage |
| 46:53 | Siege Engine |
| 46:59 | Town Hall |
| 47:27 | Altar of Kings |
| 47:37 | Peasant |
| 47:37 | Peasant |
| 47:37 | Peasant |
| 48:20 | Peasant |
| 49:06 | Mortar Team |
| 49:33 | Mortar Team |
| Right click | 1475 |
| Select | 878 |
| Build/train/purchase | 284 |
| Select group | 203 |
| Misc. action | 200 |
| Use ability | 65 |
| Resource trade | 14 |
| Assign group | 6 |
| Remove unit | 6 |



| Lesser Clarity Potion | 1 | 70 |
| Staff of Preservation | 2 | 300 |
| Orb of Venom | 3 | 975 |
| Anti-magic Potion | 1 | 100 |
| Dust of Appearance | 5 | 375 |
| Scroll of Healing | 4 | 1000 |
| Scroll of Town Portal | 8 | 2800 |
| Scroll of Protection | 1 | 150 |
| Potion of Lesser Invulnerability | 4 | 600 |
| total: | 29 | 6370g |
| Wisp | 29 | 1740 | / | 0 |
| Archer | 20 | 2600 | / | 200 |
| Hippogryph | 7 | 1120 | / | 140 |
| Chimaera | 12 | 3960 | / | 840 |
| total: | 68 | 9420g | / | 1180w |
| Moon Well | 10 | 1800 | / | 400 |
| Altar of Elders | 1 | 180 | / | 50 |
| Ancient of War | 5 | 750 | / | 300 |
| Ancient of Wonders | 1 | 90 | / | 30 |
| Tree of Life | 7 | 2380 | / | 1295 |
| Hunter's Hall | 1 | 210 | / | 100 |
| Ancient of Wind | 4 | 600 | / | 560 |
| Tree of Ages | 3 | 960 | / | 540 |
| Tree of Eternity | 1 | 330 | / | 200 |
| total: | 29 | 6010g | / | 2735w |
| 0:02 | Wisp |
| 0:15 | Moon Well |
| 0:17 | Wisp |
| 0:19 | Altar of Elders |
| 0:26 | Wisp |
| 0:34 | Ancient of War |
| 0:42 | Wisp |
| 0:57 | Wisp |
| 1:08 | Wisp |
| 1:17 | Moon Well |
| 1:25 | Wisp |
| 1:36 | Archer |
| 1:47 | Ancient of Wonders |
| 1:57 | Archer |
| 2:03 | Wisp |
| 2:16 | Archer |
| 2:17 | Archer |
| 2:26 | Wisp |
| 2:27 | Force of Nature |
| 2:41 | Wisp |
| 2:44 | Archer |
| 3:11 | Wisp |
| 3:27 | Wisp |
| 3:46 | Tree of Life |
| 3:50 | Wisp |
| 4:06 | Tree of Ages |
| 4:16 | Moon Well |
| 4:20 | Entangling Roots |
| 4:35 | Hunter's Hall |
| 4:44 | Archer |
| 4:47 | Lesser Clarity Potion |
| 4:53 | Ancient of War |
| 5:10 | Archer |
| 5:16 | Moon Well |
| 5:50 | Dust of Appearance |
| 5:55 | Wisp |
| 5:56 | Wisp |
| 5:56 | Wisp |
| 5:56 | Wisp |
| 5:57 | Wisp |
| 6:37 | Entangling Roots |
| 6:42 | Improved Bows |
| 6:49 | Ancient of Wind |
| 7:06 | Ancient of Wind |
| 7:10 | Strength of the Moon |
| 7:24 | Nature's Blessing |
| 7:36 | Scroll of Healing |
| 7:42 | Staff of Preservation |
| 7:42 | Dust of Appearance |
| 7:59 | Trueshot Aura |
| 8:13 | Hippogryph |
| 8:40 | Hippogryph |
| 8:40 | Hippogryph |
| 8:42 | Moon Armor |
| 8:50 | Force of Nature |
| 8:57 | Tree of Eternity |
| 9:01 | Moon Well |
| 9:02 | Moon Well |
| 9:29 | Improved Strength of the Moon |
| 9:36 | Searing Arrows |
| 9:44 | Hippogryph |
| 10:46 | Archer |
| 11:04 | Improved Moon Armor |
| 11:04 | Advanced Moon Armor |
| 11:21 | Marksmanship |
| 11:25 | Well Spring |
| 12:13 | Archer |
| 12:40 | Hippogryph |
| 12:45 | Scroll of Town Portal |
| 12:48 | Orb of Venom |
| 12:55 | Staff of Preservation |
| 13:02 | Advanced Strength of the Moon |
| 13:06 | Hippogryph |
| 13:34 | Trueshot Aura |
| 13:53 | Frost Arrows |
| 14:02 | Scroll of Healing |
| 14:08 | Hippogryph |
| 14:08 | Archer |
| 14:25 | Moon Well |
| 14:27 | Moon Well |
| 16:18 | Orb of Venom |
| 16:54 | Scroll of Town Portal |
| 16:55 | Anti-magic Potion |
| 17:27 | Druid of the Talon Adept Training |
| 17:29 | Archer |
| 17:29 | Archer |
| 17:42 | Wisp |
| 17:42 | Wisp |
| 17:43 | Ultravision |
| 18:08 | Archer |
| 18:22 | Scroll of Protection |
| 18:22 | Scroll of Healing |
| 18:23 | Potion of Lesser Invulnerability |
| 18:29 | Archer |
| 18:33 | Wisp |
| 18:34 | Wisp |
| 18:34 | Wisp |
| 18:56 | Archer |
| 18:57 | Archer |
| 18:58 | Archer |
| 19:16 | Forked Lightning |
| 19:36 | Scroll of Town Portal |
| 19:56 | Tree of Life |
| 23:51 | Scroll of Town Portal |
| 23:57 | Searing Arrows |
| 23:58 | Orb of Venom |
| 24:04 | Tree of Life |
| 24:07 | Corrosive Breath |
| 24:08 | Chimaera |
| 24:08 | Chimaera |
| 24:11 | Moon Well |
| 24:25 | Potion of Lesser Invulnerability |
| 24:25 | Dust of Appearance |
| 24:26 | Scroll of Healing |
| 24:40 | Entangling Roots |
| 25:25 | Tree of Life |
| 25:59 | Chimaera |
| 25:59 | Chimaera |
| 25:59 | Chimaera |
| 25:59 | Chimaera |
| 25:59 | Chimaera |
| 25:59 | Chimaera |
| 29:47 | Tree of Life |
| 29:52 | Chimaera |
| 29:52 | Chimaera |
| 30:00 | Tree of Ages |
| 30:10 | Tree of Life |
| 30:31 | Frost Arrows |
| 31:29 | Scroll of Town Portal |
| 31:32 | Scroll of Town Portal |
| 31:33 | Dust of Appearance |
| 31:49 | Wisp |
| 31:49 | Wisp |
| 31:49 | Wisp |
| 31:49 | Wisp |
| 31:53 | Ancient of War |
| 31:53 | Ancient of War |
| 33:15 | Wisp |
| 33:21 | Scroll of Town Portal |
| 33:21 | Potion of Lesser Invulnerability |
| 33:51 | Archer |
| 36:03 | Wisp |
| 36:08 | Tree of Life |
| 37:13 | Scroll of Town Portal |
| 40:37 | Dust of Appearance |
| 40:38 | Potion of Lesser Invulnerability |
| 42:13 | Moon Well |
| 44:34 | Ancient of War |
| 44:41 | Ancient of Wind |
| 44:43 | Ancient of Wind |
| 44:55 | Chimaera |
| 44:56 | Chimaera |
| 45:43 | Archer |
| 45:43 | Archer |
| Right click | 1559 |
| Select group | 998 |
| Select | 619 |
| Misc. action | 592 |
| Build/train/purchase | 239 |
| Assign group | 128 |
| Use ability | 116 |
| Resource trade | 32 |
| Minimap ping | 28 |
| Esc | 11 |
| Item give/drop | 10 |

| Potion of Healing | 1 | 150 |
| Dust of Appearance | 1 | 75 |
| Scroll of Town Portal | 1 | 350 |
| total: | 3 | 575g |
| Wisp | 37 | 2220 | / | 0 |
| Archer | 8 | 1040 | / | 80 |
| Glaive Thrower | 4 | 840 | / | 260 |
| Dryad | 2 | 290 | / | 120 |
| Druid of the Claw | 4 | 1020 | / | 320 |
| total: | 55 | 5410g | / | 780w |
| Ancient Protector | 1 | 135 | / | 80 |
| Altar of Elders | 1 | 180 | / | 50 |
| Moon Well | 7 | 1260 | / | 280 |
| Ancient of War | 1 | 150 | / | 60 |
| Ancient of Wonders | 1 | 90 | / | 30 |
| Hunter's Hall | 1 | 210 | / | 100 |
| Tree of Life | 1 | 340 | / | 185 |
| Ancient of Lore | 1 | 155 | / | 145 |
| Ancient of Wind | 1 | 150 | / | 140 |
| Chimaera Roost | 1 | 140 | / | 190 |
| Tree of Ages | 1 | 320 | / | 180 |
| Tree of Eternity | 2 | 660 | / | 400 |
| total: | 16 | 2810g | / | 1260w |
| 0:02 | Wisp |
| 0:07 | Altar of Elders |
| 0:10 | Moon Well |
| 0:12 | Wisp |
| 0:19 | Wisp |
| 0:32 | Wisp |
| 0:34 | Wisp |
| 0:44 | Wisp |
| 0:59 | Ancient of War |
| 1:06 | Wisp |
| 1:10 | Wisp |
| 1:10 | Wisp |
| 1:18 | Wisp |
| 1:20 | Wisp |
| 1:29 | Wisp |
| 1:43 | Moon Well |
| 1:52 | Ancient of Wonders |
| 1:55 | Wisp |
| 2:00 | Archer |
| 2:11 | Moon Well |
| 2:15 | Evasion |
| 2:43 | Hunter's Hall |
| 2:45 | Wisp |
| 2:45 | Wisp |
| 2:54 | Archer |
| 3:18 | Archer |
| 3:39 | Tree of Ages |
| 4:24 | Mana Burn |
| 4:37 | Archer |
| 4:38 | Archer |
| 4:49 | Tree of Life |
| 5:06 | Archer |
| 5:38 | Archer |
| 6:10 | Wisp |
| 6:11 | Wisp |
| 6:21 | Wisp |
| 6:22 | Wisp |
| 6:22 | Wisp |
| 6:23 | Wisp |
| 6:24 | Wisp |
| 6:35 | Archer |
| 6:41 | Wisp |
| 7:38 | Wisp |
| 7:39 | Wisp |
| 7:39 | Wisp |
| 7:48 | Wisp |
| 7:48 | Wisp |
| 7:51 | Wisp |
| 7:55 | Glaive Thrower |
| 8:18 | Strength of the Moon |
| 8:22 | Wisp |
| 8:22 | Wisp |
| 8:24 | Wisp |
| 8:28 | Wisp |
| 8:49 | Wisp |
| 8:50 | Wisp |
| 8:50 | Wisp |
| 8:56 | Ancient of Lore |
| 9:21 | Glaive Thrower |
| 9:43 | Glaive Thrower |
| 10:13 | Abolish Magic |
| 10:13 | Druid of the Claw Adept Training |
| 10:14 | Dryad |
| 10:14 | Dryad |
| 10:14 | Druid of the Claw |
| 11:28 | Strength of the Wild |
| 11:30 | Nature's Blessing |
| 11:32 | Druid of the Claw |
| 11:34 | Glaive Thrower |
| 11:37 | Dust of Appearance |
| 11:38 | Scroll of Town Portal |
| 11:40 | Potion of Healing |
| 12:48 | Druid of the Claw |
| 12:54 | Moon Well |
| 12:55 | Moon Well |
| 12:59 | Ancient of Wind |
| 13:02 | Moon Well |
| 13:07 | Wisp |
| 13:56 | Tree of Eternity |
| 14:22 | Druid of the Claw |
| 14:30 | Ancient Protector |
| 14:45 | Improved Bows |
| 15:30 | Improved Strength of the Moon |
| 16:16 | Improved Strength of the Wild |
| 17:13 | Chimaera Roost |
| 17:18 | Moon Well |
| Right click | 533 |
| Select | 252 |
| Assign group | 133 |
| Build/train/purchase | 84 |
| Select group | 61 |
| Use ability | 23 |
| Misc. action | 11 |
| Remove unit | 4 |
⇛